 Dungeon Crawl Stone Soup version 0.18.1-50-g88ac8fd (webtiles) character file.

55 Chiseanne the Gusty (level 3, -3/26 HPs)
             Began as a Centaur Air Elementalist on Oct 9, 2016.
             Slain by a gnoll
             ... wielding a +0 whip
              (7 damage)
             ... on level 2 of the Dungeon.
             The game lasted 00:05:04 (1770 turns).

Chiseanne the Gusty (Centaur Air Elementalist)      Turns: 1770, Time: 00:05:05

Health: -3/26      AC:  4    Str: 10    XL:     3   Next: 67%
Magic:  1/6        EV:  9    Int: 15    God:
Gold:   77         SH:  0    Dex:  9    Spells: 1 memorised, 5 levels left

rFire  . . .     SeeInvis .     a - +1 dagger (venom)
rCold  . . .     Gourm    .     g - +0 robe
rNeg   . . .     Faith    .     (no shield)
rPois  .         Spirit   .     (no helmet)
rElec  .         Dismiss  .     (no cloak)
rCorr  .         Reflect  .     (no gloves)
SustAt .         Harm     .     (no barding)
MR     .....                    (no amulet)
Stlth  +.........               (no ring)
                                (no ring)

@: very slightly contaminated, very quick, not resistant to hostile
enchantments, very unstealthy
A: hooves 3, deformed body, speed 2, tough skin 3
a: no special abilities


You were on level 2 of the Dungeon.
You were not hungry.

You visited 1 branch of the dungeon, and saw 2 of its levels.

You collected 77 gold pieces.

Inventory:

Hand Weapons
 a - a +1 dagger of venom (weapon)
Missiles
 d - 16 poisoned needles
 h - 25 stones (quivered)
 j - 70 arrows
 k - 16 bolts
Armour
 g - a +0 robe (worn)
Scrolls
 i - 2 scrolls of identify {unknown}
 m - a scroll of fear {unknown}
Potions
 e - a potion of flight {unknown}
 l - a potion of curing {unknown}
 n - a potion of heal wounds {unknown}
Books
 b - a book of Air

   Spells                             Type                      Level
   a - Shock                          Conjuration/Air              1
   b - Swiftness                      Charms/Air                   2
   c - Repel Missiles                 Charms/Air                   2
   d - Static Discharge               Conjuration/Air              3
   e - Lightning Bolt                 Conjuration/Air              5
Comestibles
 c - 2 bread rations
 f - 2 meat rations
 o - 3 chunks of flesh


   Skills:
 - Level 1.3 Dodging
 - Level 1.2 Stealth
 * Level 2.3 Spellcasting
 * Level 1.7 Conjurations
 * Level 3.3 Air Magic


You had 5 spell levels left.
You knew the following spells:

 Your Spells              Type           Power        Failure   Level  Hunger
a - Shock                 Conj/Air       #...         10%         1    #......


Dungeon Overview and Level Annotations

Branches:
Dungeon (2/15)

Altars:


Innate Abilities, Weirdness & Mutations

You have hooves in place of feet.
Armour fits poorly on your strangely shaped body.
You cover ground very quickly.
You have extremely tough skin (AC +3).


Message History

The gnoll is severely wounded.
Casting: Shock
Confirm with . or Enter, or press ? or * to list all spells.
You don't have enough magic to cast that spell.
Unknown command.
You barely miss the gnoll.
The gnoll is severely wounded.
You hit the gnoll but do no damage.
The gnoll is severely wounded.
The gnoll throws a throwing net.
The throwing net hits you.
You become entangled in the net!
The gnoll barely misses you.
You struggle against the net.
The gnoll hits you with a whip.
You try to slip out of the net.
The gnoll hits you with a whip. x2
You try to slip out of the net.
The gnoll hits you with a whip. x2
You struggle against the net.
The gnoll hits you with a whip. The gnoll hits you with a whip!
* * * LOW HITPOINT WARNING * * *
You rip the net and break free!
The gnoll closely misses you. The gnoll hits you with a whip!
You die...

....#...####.#####.
...####.# #.###
....#...# #...#
#...#.### ###.#
#...).# #.# ##..###
#####.### ≈#..#
#.......# ≈≈.<#
#.###.#)# ##...
.......@# #
..##...gg...... ≈
#.##.###.... #. #.#
.. .. ..# ##. ###


You could see 2 gnolls.

Vanquished Creatures
  A gnoll (D:2)
  A dart slug (D:1)
  A giant gecko (D:1)
  6 giant cockroaches
  5 goblins
  5 hobgoblins
  3 jackals (D:2)
  A ball python (D:1)
  5 bats
  2 giant newts (D:2)
  3 kobolds
  5 rats
38 creatures vanquished.

Notes
Turn   | Place    | Note
--------------------------------------------------------------
     0 | D:1      | Chiseanne the Centaur Air Elementalist began the quest for the Orb.
     0 | D:1      | Reached XP level 1. HP: 14/14 MP: 3/3
   145 | D:1      | Reached skill level 1 in Conjurations
   349 | D:1      | Reached XP level 2. HP: 20/20 MP: 0/4
   622 | D:1      | Reached skill level 3 in Air Magic
  1349 | D:2      | Reached XP level 3. HP: 22/26 MP: 0/6
  1770 | D:2      | Slain by a gnoll

Skill      XL: |  1  2 |
---------------+-------+-----
Conjurations   | 1 |  1.7
Air Magic      | 3 |  3.3
Spellcasting   | 2 |  2.3
Dodging        | |  1.3
Stealth        | |  1.2

Action                   || total
-------------------------++-------
Melee: Whip              ||    24
       Kick              ||     7
       Dagger            ||    44
Throw: Stone             ||     1
 Cast: Shock             ||    60
  Eat: Chunk             ||     3
Armor: Robe              ||    42
Dodge: Dodged            ||    43
